cohdb
Replays
Latest Replays
All Replays
Popular Replays
Top Player Replays
Match Explorer
How It Works
Community
CoH3 Stats
Reddit
Sign in to upload your games and track your stats! →
Sign in with Steam
Match 37970699
Unlisted
Match 37970699
Overview
Messages
Build Orders
End
Panzergrenadier Squad
Panzergrenadier Squad
Construct Light Support Kompanie
MG34 Team
2.5-tonne Medical Truck
Fire Support Elements
2.5-tonne Medical Truck
le.IG 18 Mechanized Group
Selects Armored Support Battlegroup
Selects Salvage Kits
Pak 38 Anti-tank Gun Team
Selects Panzer Storm
Pak 38 Anti-tank Gun Team
Construct Panzerarmee Kommand
Armored Reserves
Selects Panzer Storm
Selects Stuka Anti-tank Loiter
Veteran Squad Leaders
Forward Retreat Point
Stuka Anti-tank Loiter
Advanced Field Repairs
Tiger Heavy Tank
Selects Veteran Gunners
Selects Flammpanzer III Medium Tank
Stuka Anti-tank Loiter
Tungsten Core Ammunition
Advanced Optics
Panzer Storm
★Reptail★
JODLASTY
SnowLeopard279
qZeto
Epicdeath
BIOHAZARD
0
0
Comments
sign in to comment!
No comments posted yet!